Map: World of Sleepers LE

Players

pzlin

  • Race: Protoss Protoss
  • League: Diamond
  • Spawn Location: 7:00

A.I. 1 (Very Easy) - Winner!

  • Race: Terran Terran
  • Spawn Location: 1:00

VOD

Have the link to the VOD?

Description

Time

  • Played on: Aug. 31, 2019, 10:59 p.m.
  • Length: 4:15
Show
View Real Time Build Order
Export as new Build Order

pzlin Protoss 

Build Orders: 1 Gate Expand 

Get SALT Encoding   

  12  0:00  Probe  
  13  0:13  Probe  
  14  0:16  Pylon  
  14  0:23  Probe  
  15  0:31  Probe  
  16  0:39  Gateway, Probe  
  16  0:46  Assimilator  
  17  0:51  Probe  
  18  1:03  Probe  
  19  1:15  Probe  
  20  1:29  Cybernetics Core  
  20  1:32  Nexus  
  20  1:36  Probe  
  21  1:43  Pylon  
  21  1:48  Probe  
  21  1:53  Assimilator  
  22  1:55  Stalker  
  22  1:57  Warp Gate  
  22  2:00  Probe  
  25  2:13  Shield Battery  
  26  2:15  Probe  
  26  2:25  Stalker  
  28  2:30  Shield Battery  
  28  2:39  Robotics Facility  
  28  2:45  Stalker  
  28  2:46  Shield Battery  
  30  3:03  Gateway  
  30  3:06  Stalker  
  32  3:21  Gateway  
  32  3:28  Observer  
  32  3:33  Probe x2  
  35  3:45  Stalker  
  41  3:56  Probe  
  41  3:58  Probe  
  43  4:08  Pylon  
  43  4:11  Stalker  
Show
View Real Time Build Order
Export as new Build Order

A.I. 1 (Very Easy) Terran - Winner!

Build Orders:  

Get SALT Encoding   

  12  0:00  SCV  
  13  0:13  SCV  
  14  0:18  Supply Depot  
  14  0:37  Refinery  
  14  0:42  Barracks  
  14  1:04  Supply Depot  
  14  1:12  Refinery  
  14  1:29  Marine  
  14  1:30  Orbital Command  
  15  1:55  SCV  
  16  2:03  Marine  
  16  2:07  SCV  
  18  2:20  SCV  
  19  2:32  SCV  
  19  2:36  Marine  
  21  2:44  SCV  
  22  2:56  SCV  
Tags
 
Add a new tag
Caveats
  • Supply blocks, unpowered buildings, or Contaminate may cause inaccurate times.
  • Supply counts are checked every 10 seconds.